 Dungeon Crawl Stone Soup version 0.31-a0-236-g9a0961fb85 (webtiles) character file.

Game seed: 643413913310596899

116 cforsyth the Ruffian (level 5, -4/48 HPs)
             Began as an Ogre Transmuter on July 11, 2023.
             Killed from afar by Natasha (9 damage)
             ... with a puff of flame
             ... on level 2 of the Dungeon.
             The game lasted 00:03:04 (1994 turns).

cforsyth the Ruffian (Ogre Transmuter)              Turns: 1994, Time: 00:03:05

Health: -4/48      AC:  3    Str: 14    XL:     5   Next: 0%
Magic:  8/8        EV: 10    Int: 16    God:
Gold:   78         SH:  0    Dex: 15    Spells: 7/8 levels left

rFire   . .          .
                       - Unarmed
rCold   . . .        (no shield)
rNeg    . . .        a - +0 robe
rPois   .            (helmet currently unavailable)
rElec   .            (no cloak)
rCorr   .            (gloves unavailable)
SInv    .            (boots unavailable)
Will    .....        (no amulet)
Stlth   +            i - +6 ring of dexterity
HPRegen 0.28/turn    (no ring)
MPRegen 0.11/turn

%: no passive effects
@: appendages (expiring), slowed, very slow
A: horns 2, talons 2, large, unfitting armour, tough skin 1
a: End Transformation


You were on level 2 of the Dungeon.
You had temporarily grown beastly horns and talons.
You visited 1 branch of the dungeon, and saw 2 of its levels.

You collected 78 gold pieces.

Inventory:

Armour
 a - a +0 robe (worn)
Jewellery
 i - a +6 ring of dexterity (left hand)
Scrolls
 c - 2 scrolls of torment {unknown}
 e - a scroll of enchant armour {unknown}
 g - a scroll of teleportation {unknown}
 h - a scroll of revelation {unknown}
 k - a scroll of identify {unknown}
Potions
 b - a potion of lignification
 d - 2 potions of curing {unknown}
 f - a potion of mutation {unknown}
 j - a potion of berserk rage {unknown}
 l - a potion of heal wounds {unknown}


   Skills:
 - Level 1.3 Fighting
 - Level 1.7 Dodging
 + Level 5.0 Unarmed Combat
 - Level 2.4 Spellcasting
 - Level 1.7 Transmutations


You had 7 spell levels left.
You knew the following spells:

 Your Spells              Type           Power      Damage    Failure   Level
a - Beastly Appendage     Tmut           14%        N/A       10%         1

Your spell library contained the following spells:

 Spells                   Type           Power      Damage    Failure   Level
 Wereblood                Tmut           7%         N/A       14%         2
 Spider Form              Tmut/Pois      4%         N/A       38%         3
 Stone Arrow              Conj/Erth      2%         3d7       52%         3
 Ice Form                 Ice/Tmut       4%         N/A       80%         4
 Animate Armour           Summ/Erth      2%         N/A       89%         4
 Lehudib's Crystal Spear  Conj/Erth      0%         10d2      100%        8


Dungeon Overview and Level Annotations

Branches:
Dungeon (2/15)

Altars:

Annotations:
D:2 Natasha


Innate Abilities, Weirdness & Mutations

You have temporarily grown beastly horns and talons.
You are too large for most types of armour.
You have tough skin. (AC +1)


Message History

l - a coppery potion You see here a +0 war axe.
Natasha, Servant of Life and Death comes into view.
She is carrying a wand of flame (11).
Natasha casts a spell at you.
You feel yourself slow down.
You grow a pair of large bovine horns.
Your feet morph into talons.
Natasha zaps a wand.
The puff of flame hits you! Natasha casts a spell at you.
The magic dart hits you. Natasha casts a spell at you. The magic dart hits you.
Natasha zaps a wand.
The puff of flame hits you.
Natasha stares at you and mumbles some strange words.
The magic dart hits you!
You are too injured to fight recklessly!
You are too injured to fight recklessly!
You are too injured to fight recklessly!
You are too injured to fight recklessly!
You are too injured to fight recklessly!
You are too injured to fight recklessly!
You are too injured to fight recklessly!
You are too injured to fight recklessly!
Natasha casts a spell at you. You resist with some effort.
You hit Natasha.
Natasha is lightly wounded.
Natasha closely misses you. Natasha claws you but does no damage.
You hit Natasha.
Natasha is moderately wounded.
Your transformation is almost over.
Natasha claws you!
* * * LOW HITPOINT WARNING * * *
You closely miss Natasha. Your kick misses Natasha. You headbutt Natasha!
Natasha is almost dead.
Natasha barely misses you.
You barely miss Natasha. You claw Natasha, but do no damage.
Natasha is almost dead.
Natasha claws you.
* * * LOW HITPOINT WARNING * * *
Natasha zaps a wand.
The puff of flame hits you!
You die...

###.# ######[#########...
##########.# ##..........†.......
#........#.# #.........###.###.##
#.#...##.#.# #.#.#.#.#.# #.# #.#
#.#)..##.#.###.........# #.# #.#
...)...†....##.#.#.#.#.###.# #.#
..................[.....##.# #.#
...............#h#.#.#..##.# #.#
.[#.............@........#.###.##
..#...#........#.#.#.#.#...##....
..#...##.....#............###....
..######....####............#...#
.........#........<####...#.#....
.######..#..####...# ##.##.#...#
.###...............#####.##.#.#..
.##.........####..<..............
........##...........###.########


You could see Natasha.

Vanquished Creatures
  Jessica (D:2)
  Natasha (D:2)
  An adder (D:2)
  A worm (D:2)
  7 ball pythons
  3 endoplasms
  5 giant cockroaches
  2 goblins
  3 hobgoblins
  7 jackals (D:2)
  3 quokkas
  A bat (D:2)
  3 frilled lizards (D:1)
  4 kobolds
  9 rats
51 creatures vanquished.

Notes
Turn   | Place    | Note
-------+----------+-------------------------------------------
     0 | D:1      | cforsyth the Ogre Transmuter began the quest for the Orb.
     0 | D:1      | Reached XP level 1. HP: 19/19 MP: 3/3
   158 | D:1      | Reached skill level 3 in Unarmed Combat
   239 | D:1      | Reached XP level 2. HP: 16/27 MP: 3/5
  1091 | D:2      | Reached XP level 3. HP: 33/33 MP: 4/6
  1160 | D:2      | Noticed Jessica
  1173 | D:2      | Killed Jessica
  1174 | D:2      | Reached skill level 4 in Unarmed Combat
  1210 | D:2      | Reached XP level 4. HP: 23/41 MP: 5/7
  1712 | D:2      | Noticed Natasha
  1717 | D:2      | Killed Natasha
  1718 | D:2      | Reached skill level 5 in Unarmed Combat
  1862 | D:2      | Reached XP level 5. HP: 48/48 MP: 6/8
  1985 | D:2      | Noticed Natasha
  1994 | D:2      | Killed from afar by Natasha

Illustrated notes

Levels and vault maps discovered:
D:1:      minmay_arrival_widening_spiral_wide, layout_basic
D:2:      layout_loops_ring, serial_glass, glass_columns_a, glass_columns_c,
          glass_columns_a, glass_columns_b, feat_on_display, feat_on_display,
          kennysheep_another_room, uniq_natasha, uniq_jessica

Skill      XL: |  1  2  3  4 |
---------------+-------------+-----
Unarmed Combat | 3 4 5 |  5.0
Fighting       | |  1.3
Dodging        | |  1.7
Spellcasting   | |  2.4
Transmutations | |  1.7

Action                     |  1- 3 |  4- 6 || total
---------------------------+-------+-------++-------
  Melee: Unarmed           |    72 |    52 ||   124
         Kick              |    13 |     7 ||    20
         Headbutt          |     7 |    10 ||    17
         Punch             |     1 |       ||     1
   Cast: Beastly Appendage |    26 |    15 ||    41
   Stab: Sleeping          |       |     1 ||     1
 Armour: Robe              |    16 |     5 ||    21
  Dodge: Dodged            |    45 |    22 ||    67

Table legend: (Time is in decaauts)
 A = Elapsed time spent in this place.
 B = Non-inter-level travel time spent in this place.
 C = Inter-level travel time spent in this place.
 D = Time resting spent in this place.
 E = Time spent auto-exploring this place.
 F = Levels seen in this place.
 G = Mean time per level.
                   A        B        C        D        E       F      G
               +--------+--------+--------+--------+--------+-----+--------+
         Total |   1988 |   1960 |     28 |      0 |   1647 |   2 |  994.0 |
       Dungeon |   1988 |   1960 |     28 |      0 |   1647 |   2 |  994.0 |
               +--------+--------+--------+--------+--------+-----+--------+

Top non-repeatable levels by time:
     D:1: 1065 daAuts
     D:2: 922 daAuts
